 Dungeon Crawl Stone Soup version 0.28-a0-1485-g077359a4bf (webtiles) character file.

Game seed: 5529949549782162641

257 kae the Changer (level 5, 0/40 HPs)
             Began as a Draconian Transmuter on Jan 11, 2022.
             Slain by a gnoll (1 damage)
             ... on level 4 of the Dungeon.
             The game lasted 00:01:50 (3481 turns).

kae the Changer (Draconian Transmuter)              Turns: 3481, Time: 00:01:50

Health: 0/40       AC:  5    Str: 12    XL:     5   Next: 93%
Magic:  10/10      EV: 12    Int: 19    God:
Gold:   94         SH:  0    Dex: 13    Spells: 2/10 levels left

rFire   . . .      SeeInvis .   f - +10 hand axe of Ehokhaof {vorpal, Int+3 Dex+2 Stlth-}
rCold   . . .      Faith    .   (no shield)
rNeg    . . .      Spirit   .   (armour unavailable)
rPois   .          Reflect  .   (helmet restricted)
rElec   .          Harm     .   (no cloak)
rCorr   .          Rampage  .   (no gloves)
Will    .....                   (no boots)
Stlth   ..........              (no amulet)
HPRegen 0.13/turn               (no ring)
MPRegen 0.12/turn               (no ring)

@: no status effects
A: AC +5, unfitting armour, cold-blooded
a: no special abilities


You were on level 4 of the Dungeon.
You visited 1 branch of the dungeon, and saw 4 of its levels.

You collected 94 gold pieces.

Inventory:

Hand Weapons
 f - the +10 hand axe of Ehokhaof (weapon) {vorpal, Int+3 Dex+2 Stlth-}
   (You found it on level 2 of the Dungeon)

   It inflicts extra damage upon your enemies.
   Int:       It affects your intelligence (+3).
   Dex:       It affects your dexterity (+2).
   Stlth:     It makes you less stealthy.
Jewellery
 n - an amulet of the acrobat
Wands
 c - a wand of iceblast (5)
Scrolls
 i - a scroll of teleportation
Potions
 a - 2 potions of heal wounds
 b - a potion of curing
 d - a potion of flight
 h - a potion of brilliance {unknown}
 j - a potion of berserk rage {unknown}
 l - 2 potions of resistance {unknown}
 m - 2 potions of lignification {unknown}


   Skills:
 - Level 1.1 Fighting
 - Level 1.7 Dodging
 - Level 3.0 Unarmed Combat
 + Level 3.4 Spellcasting
 * Level 5.0 Transmutations
 * Level 1.0 Ice Magic
 - Level 1.0 Poison Magic


You had 2 spell levels left.
You knew the following spells:

 Your Spells              Type           Power      Damage    Failure   Level
a - Beastly Appendage     Tmut           44%        N/A       1%          1
b - Spider Form           Tmut/Pois      14%        N/A       13%         3
c - Ice Form              Ice/Tmut       14%        N/A       38%         4

Your spell library contained the following spells:

 Spells                   Type           Power      Damage    Failure   Level
 Wereblood                Tmut           22%        N/A       2%          2
 Animate Skeleton         Necr           6%         N/A       14%         1
 Pain                     Necr           12%        1d4       14%         1
 Tukima's Dance           Hex            3%         N/A       41%         3
 Vampiric Draining        Necr           3%         2d6       41%         3
 Passage of Golubria      Tloc           3%         N/A       82%         4
 Yara's Violent Unravell  Hex/Tmut       6%         3d5       82%         5


Dungeon Overview and Level Annotations

Branches:
Dungeon (4/15)             Temple (0/1) D:4

Altars:
Gozag

Annotations:
D:3 3 runed translucent doors, Panino's ghost, amateur DrTm


Innate Abilities, Weirdness & Mutations

Your plain brown scales are hard. (AC +5)
You cannot fit into any form of body armour.
You are cold-blooded and may be slowed by cold attacks.


Message History

The gnoll hits you with a +0 flail.
A gnoll comes into view. It is wielding a +0 spear.
There are monsters nearby!
You hit the gnoll.
You kill the gnoll!
Your Ice Magic skill increases to level 1!
The gnoll shouts!
You hear a shout!
The gnoll throws a stone.
The stone completely misses you.
You see here a +0 flail.
There are monsters nearby!
The gnoll hits you with a +0 spear.
A gnoll shaman comes into view. It is wielding a +0 whip.
The gnoll completely misses you.
You hit the gnoll.
The gnoll is moderately wounded.
The gnoll barely misses you.
The gnoll hits you from afar with a +4 spear of flaming.
The gnoll burns you.
There are monsters nearby!
You hit the gnoll but do no damage.
The gnoll is moderately wounded.
The gnoll hits you from afar with a +4 spear of flaming!
The gnoll burns you. The gnoll hits you with a +0 spear.
You are too injured to fight recklessly!
There are monsters nearby!
You are too injured to fight recklessly!
You are too injured to fight recklessly!
There are monsters nearby!
You are too injured to fight recklessly!
You are too injured to fight recklessly!
You slash the gnoll!
You kill the gnoll!
The gnoll hits you from afar with a +4 spear of flaming.
* * * LOW HITPOINT WARNING * * *
The gnoll burns you.
* * * LOW HITPOINT WARNING * * *
The gnoll hits you from afar with a +4 spear of flaming!
* * * LOW HITPOINT WARNING * * *
The gnoll burns you.
You die...

,**,****,****,*******************
,**,*,,,,,,,,,,,,,,,,,,,,,,,,,,,,
,**,*,**,###*,*******************
,,,,,,,,,,...,,,,,,,,,,,,,>* *
,,,,,,,,,,,...********.#*********
,**,*,*,,####.#####**#.#*,,,,,,,,
,,*,*,,,,.........,,,#.##.#******
,,,,,,,,,.....gg)#**,#.##..,,,,,,
,,*,*,**,,,**,#.@###+#.##.#******
,,,,,,,,,,,**,#..).....##.# *
,,*,,,,,,,,**,#........##.# *
,,*,*,***,,,*,#........##.# *
,,*,*,* *,,,*,#..###+#.##.# *
..*.#.##*,,,*,#..###.#.##†# *
.......,,,,,,..<..........# *
..#.#.###...#.#..###.#.#### *
#.....,....[..............# *


You could see a gnoll shaman and a gnoll.

Vanquished Creatures
  A water moccasin (D:3)
  An iguana (D:4)
  2 gnolls (D:4)
  4 adders
  2 adder skeletons (D:4)
  A worm (D:3)
  2 dart slugs
  5 orcs
  4 bats
  2 endoplasms (D:3)
  2 giant cockroaches (D:3)
  6 goblins
  8 hobgoblins
  2 quokkas (D:1)
  2 ball pythons (D:1)
  5 frilled lizards
  12 kobolds
  7 rats
68 creatures vanquished.

Vanquished Creatures (collateral kills)
  A dart slug (D:2)
1 creature vanquished.

Grand Total: 69 creatures vanquished

Notes
Turn   | Place    | Note
-------+----------+-------------------------------------------
     0 | D:1      | kae the Draconian Transmuter began the quest for the Orb.
     0 | D:1      | Reached XP level 1. HP: 16/16 MP: 3/3
   316 | D:1      | Reached XP level 2. HP: 23/23 MP: 3/5
   476 | D:1      | Found a faded altar of an unknown god.
   704 | D:1      | Reached skill level 3 in Transmutations
  1037 | D:2      | Reached XP level 3. HP: 28/28 MP: 4/6
  1041 | D:2      | Learned a level 3 spell: Spider Form
  1681 | D:2      | Identified the +10 hand axe of Ehokhaof {vorpal, Int+3
                  | Dex+2 Stlth-}
  1689 | D:2      | Reached skill level 1 in Poison Magic
  1913 | D:2      | Reached XP level 4. HP: 33/35 MP: 5/8
  2315 | D:3      | Noticed a water moccasin
  2321 | D:3      | Killed a water moccasin
  2322 | D:3      | Reached skill level 4 in Transmutations
  2322 | D:3      | Reached XP level 5. HP: 4/40 MP: 9/9
  2562 | D:3      | Found a runed translucent gate.
  2562 | D:3      | Found a runed translucent gate.
  2564 | D:3      | Found a runed translucent gate.
  2564 | D:3      | Found an opulent altar of Gozag.
  2566 | D:3      | Noticed a necrophage
  2566 | D:3      | Noticed Panino's ghost (amateur DrTm)
  3019 | D:3      | Learned a level 4 spell: Ice Form
  3272 | D:4      | Reached skill level 5 in Transmutations
  3477 | D:4      | Reached skill level 1 in Ice Magic
  3481 | D:4      | HP: 1/40 [gnoll (7)]
  3481 | D:4      | Slain by a gnoll

Illustrated notes

Levels and vault maps discovered:
D:1:      psy_arrival_statuary, layout_rooms, chequers_ecumenical_altar_island
D:2:      layout_loops_ring, grunt_ministairs_13, minmay_tall_x
D:3:      layout_rooms, ebering_ghost_gozag
D:4:      layout_basic, minmay_temple_entry_antechambers,
          minmay_manual_mandibuliform

Skill      XL: |  1  2  3  4  5 |
---------------+----------------+-----
Transmutations | 3 4 5 |  5.0
Poison Magic   | 1 |  1.0
Spellcasting   | 3 |  3.4
Ice Magic      | 1 |  1.0
Fighting       | |  1.1
Dodging        | |  1.7
Unarmed Combat | |  3.0

Action                   |  1- 3 |  4- 6 || total
-------------------------+-------+-------++-------
Melee: Unarmed           |    96 |       ||    96
       Kick              |    14 |     2 ||    16
       Tailslap          |     7 |     2 ||     9
       Headbutt          |     5 |     3 ||     8
       Hand axe          |     6 |    51 ||    57
 Cast: Beastly Appendage |    25 |    11 ||    36
       Spider Form       |       |     1 ||     1
  Use: Scroll            |     4 |     5 ||     9
       Potion            |       |     1 ||     1
 Stab: Sleeping          |     1 |       ||     1
Armor: Skin              |    38 |    13 ||    51
Dodge: Dodged            |    64 |    20 ||    84

Table legend: (Time is in decaauts)
 A = Elapsed time spent in this place.
 B = Non-inter-level travel time spent in this place.
 C = Inter-level travel time spent in this place.
 D = Time resting spent in this place.
 E = Time spent auto-exploring this place.
 F = Levels seen in this place.
 G = Mean time per level.
                   A        B        C        D        E       F      G
               +--------+--------+--------+--------+--------+-----+--------+
         Total |   3496 |   3420 |     76 |    456 |   2487 |   4 |  874.0 |
       Dungeon |   3496 |   3420 |     76 |    456 |   2487 |   4 |  874.0 |
               +--------+--------+--------+--------+--------+-----+--------+

Top non-repeatable levels by time:
     D:1: 1250 daAuts
     D:3: 971 daAuts
     D:2: 969 daAuts
     D:4: 305 daAuts
